 Dungeon Crawl Stone Soup version 0.28-a0-664-gc179e30c89 (webtiles) character file.

Game seed: 2171038414392558300

11 nukaronaldo the Skirmisher (level 2, -3/24 HPs)
             Began as a Demonspawn Abyssal Knight on Oct 15, 2021.
             Was an Initiate of Lugonu.
             Slain by an adder (4 damage)
             ... on level 2 of the Dungeon.
             The game lasted 00:04:51 (735 turns).

nukaronaldo the Skirmisher (DsAK)                    Turns: 735, Time: 00:04:51

Health: -3/24      AC:  3    Str: 13    XL:     2   Next: 13%
Magic:  4/4        EV: 11    Int: 11    God:    Lugonu [......]
Gold:   64         SH:  0    Dex: 13    Spells: 1/1 levels left

rFire   . . .      SeeInvis .   a - +1 falchion
rCold   . . .      Faith    .   (no shield)
rNeg    . . .      Spirit   .   b - +0 leather armour
rPois   .          Reflect  .   (no helmet)
rElec   .          Harm     .   (no cloak)
rCorr   .          Rampage  .   (no gloves)
Will    .....                   (no boots)
Stlth   +.........              (no amulet)
HPRegen 0.08/turn               (no ring)
MPRegen 0.09/turn               (no ring)

@: no status effects
A: claws 1
a: Renounce Religion


You were on level 2 of the Dungeon.
You worshipped Lugonu.
Lugonu was noncommittal.
You visited 1 branch of the dungeon, and saw 2 of its levels.
You visited the Abyss 1 time.

You collected 64 gold pieces.

Inventory:

Hand Weapons
 a - a +1 falchion (weapon)
 g - a +0 dagger
Missiles
 c - 33 stones (quivered)
Armour
 b - a +0 leather armour (worn)
Scrolls
 d - a scroll of identify {unknown}
 e - a scroll of enchant weapon {unknown}
Potions
 f - a potion of degeneration {unknown}
 h - a potion of resistance {unknown}


   Skills:
 + Level 3.2 Fighting
 + Level 2.0 Long Blades
 + Level 1.8 Armour
 + Level 1.0 Dodging
 + Level 2.7 Invocations


You had one spell level left.
You didn't know any spells.
Your spell library was empty.

Dungeon Overview and Level Annotations

Branches:
Dungeon (2/15)

Altars:


Innate Abilities, Weirdness & Mutations

You have sharp fingernails.


Message History

You feel sick.
You see here 7 gold pieces.
Throw: 34 stones
Press: ? - help, Q - select action Shift-Dir - straight line, f/p - adder
Aim: an adder (38% to hit)
You throw a stone. The stone barely misses the adder.
You feel sick. The adder bites you.
You feel sick.
You are no longer poisoned.
The adder barely misses you.
You slash the adder!
The adder is severely wounded.
The adder barely misses you.
You closely miss the adder.
The adder is severely wounded.
The adder bites you but does no damage. The adder bites you.
* * * LOW HITPOINT WARNING * * *
You hit the adder.
The adder is almost dead.
The adder misses you. The adder barely misses you.
You closely miss the adder.
The adder is almost dead.
The adder misses you.
You barely miss the adder.
The adder is almost dead.
The adder bites you.
* * * LOW HITPOINT WARNING * * *
The adder closely misses you.
You miss the adder.
The adder is almost dead.
The adder closely misses you.
You miss the adder.
The adder is almost dead.
The adder bites you.
* * * LOW HITPOINT WARNING * * *
The adder bites you but does no damage.
You hit the adder.
The adder is almost dead.
The adder bites you.
You die...

#....... ... #..<...#
... #......# .>#
#......# #.# #......#
#.# #......######.#
##..........##.########
.......(......$S@.....#
###...................#
#####...............#
#.................
#...............##
#.........(.....#
#...............#
#.....(...(.....#


You could see an adder.

Vanquished Creatures
  A dart slug (D:1)
  A ball python (D:1)
  2 bats
  A hobgoblin (D:1)
  A kobold (D:1)
  2 rats
8 creatures vanquished.

Notes
Turn   | Place    | Note
-------+----------+-------------------------------------------
     0 | Abyss:1  | nukaronaldo the Demonspawn Abyssal Knight began the quest
                  | for the Orb.
     0 | Abyss:1  | Reached XP level 1. HP: 18/18 MP: 2/2
   129 | Abyss:1  | Noticed a large abomination
   131 | D:1      | Escaped the Abyss
   634 | D:1      | Gained mutation: You have sharp fingernails. [demonic
                  | ancestry]
   634 | D:1      | Reached XP level 2. HP: 23/24 MP: 4/4
   652 | D:1      | You fall into a shaft and drop 1 floor!
   671 | D:2      | Reached skill level 1 in Dodging
   734 | D:2      | HP: 1/24 [adder (4)]
   735 | D:2      | Slain by an adder

Illustrated notes

Levels and vault maps discovered:
D:1:      sevenhm_arrival_forest_fort_small_6, layout_basic,
          kennysheep_minor_cross
D:2:      layout_basic, hangedman_glass_teeth

Skill      XL: |  1  2 |
---------------+-------+-----
Long Blades    | 2 |  2.0
Dodging        | 1 |  1.0
Fighting       | |  3.2
Armour         | |  1.8
Invocations    | |  2.7

Action                   || total
-------------------------++-------
Melee: Falchion          ||    35
Throw: Stone             ||     9
Invok: Depart the Abyss  ||     1
Armor: Leather armour    ||    13
Dodge: Dodged            ||    41

Table legend: (Time is in decaauts)
 A = Elapsed time spent in this place.
 B = Non-inter-level travel time spent in this place.
 C = Inter-level travel time spent in this place.
 D = Time resting spent in this place.
 E = Time spent auto-exploring this place.
 F = Levels seen in this place.
 G = Mean time per level.
                   A        B        C        D        E       F      G
               +--------+--------+--------+--------+--------+-----+--------+
         Total |    742 |    742 |      0 |    125 |      0 |   3 |  247.3 |
       Dungeon |    611 |    611 |      0 |    125 |      0 |   2 |  305.5 |
         Abyss |    131 |    131 |      0 |      0 |      0 |   1 |  131.0 |
               +--------+--------+--------+--------+--------+-----+--------+

Top non-repeatable levels by time:
     D:1: 525 daAuts
 Abyss:1: 131 daAuts
     D:2: 85 daAuts
